 Seeded DCSS version 0.30.0-30-g96aa6591b8 (webtiles) character file.

Game seed: 5262528099854255737 (custom seed)

39 CInkIbrahim the Slasher (level 3, 18/18 HPs)
             Began as a Vine Stalker Gladiator on June 28, 2023.
             Quit the game on level 2 of the Dungeon.
             The game lasted 00:00:55 (695 turns).

CInkIbrahim the Slasher (Vine Stalker Gladiator)     Turns: 695, Time: 00:00:57

Health: 18/18      AC:  9    Str: 16    XL:     3   Next: 45%
Magic:  4/4        EV: 11    Int:  8    God:
Gold:   146        SH:  0    Dex: 17    Spells: 2/2 levels left

rFire   + . .        h - +0 short sword (vamp)
rCold   . . .        (no shield)
rNeg    . . .        j - +1 ring mail {rF+}
rPois   +            c - +0 helmet
rElec   .            l - +1 cloak
rCorr   .            (no gloves)
SInv    .            (no boots)
Will    .....        (no amulet)
Stlth   +            i - ring of poison resistance
HPRegen 0.23/turn    (no ring)
MPRegen 0.09/turn

%: guardian spirit
@: no status effects
A: fangs 2, magic shield, antimagic bite, no potion heal 2
a: no special abilities


You were on level 2 of the Dungeon.
You visited 1 branch of the dungeon, and saw 2 of its levels.

You collected 146 gold pieces.

Inventory:

Hand Weapons
 a - a +0 long sword
 h - a +0 vampiric short sword (weapon)
Missiles
 d - 3 throwing nets (quivered)
 e - a javelin
Armour
 b - a +0 leather armour
 c - a +0 helmet (worn)
 j - a +1 ring mail of fire resistance (worn)
 l - a +1 cloak (worn)
Jewellery
 i - a ring of poison resistance (left hand)
 n - a +6 ring of strength
Scrolls
 o - a scroll of immolation {unknown}
Potions
 f - a potion of haste {unknown}
 g - a potion of might
 k - a potion of curing {unknown}
 m - a potion of heal wounds {unknown}


   Skills:
 - Level 1.7 Fighting
 + Level 4.0 Long Blades
 - Level 1.7 Throwing
 - Level 2.4 Dodging


You had 2 spell levels left.
You didn't know any spells.
Your spell library was empty.

Dungeon Overview and Level Annotations

Branches:
Dungeon (2/15)

Altars:

Shops:
D:1 :


Innate Abilities, Weirdness & Mutations

You have extremely sharp teeth.
When hurt, damage is shared between your health and your magic reserves.
Your bite disrupts and absorbs the magic of your enemies.
Potions cannot restore your health.


Message History

An adder is nearby!
An adder is nearby!
You hit the adder.
The adder is lightly wounded.
The adder misses you.
An adder is nearby!
You hit the adder.
The adder is heavily wounded.
The adder misses you. The adder bites you.
An adder is nearby!
You hit the adder.
You feel better.
The adder is almost dead.
The adder bites you but does no damage.
An adder is nearby!
You hit the adder.
You kill the adder!
Your Long Blades skill increases to level 4!
m - a green potion No target in view!
A rat comes into view.
Found a twisted golden ring.
A rat is nearby!
A rat is nearby!
The rat barely misses you.
A rat is nearby!
You hit the rat.
You kill the rat!
n - a +6 ring of strength No target in view!
Found 6 boomerangs.
No target in view!
o - a scroll labelled YCUGALID WUAMMAT No target in view!
Found a dagger.
A goblin comes into view. It is wielding a +0 club.
Found a dagger.
The goblin shouts!
You see here a scroll labelled YZUZOF WODOFOC.
This is a scroll of acquirement!
Are you sure you want to abandon this character and quit the game? (Confirm with "yes".)

########### P.........#
).P.~~..P.#
.P.~≈~~@..########
.~~≈~≈~~.........####.#
P~~~≈~≈~P...#........#
~g≈~~≈≈≈~..(#.##.##.#.#
~≈~≈≈≈≈≈≈.###.##.#....
~)~~~~~~♣.. ..##.#..# #
...~~~~....#####.#..# #
..P.~≈~...######.#..###.
...~~...P.......#..##..


You could see a goblin.

Vanquished Creatures
  An adder (D:2)
  A dart slug (D:1)
  2 bats (D:1)
  4 endoplasms (D:1)
  A giant cockroach (D:1)
  5 goblins (D:1)
  2 jackals (D:1)
  A quokka (D:1)
  2 ball pythons
  A frilled lizard (D:1)
  2 kobolds
  3 rats
25 creatures vanquished.

Notes
Turn   | Place    | Note
-------+----------+-------------------------------------------
     0 | D:1      | CInkIbrahim the Vine Stalker Gladiator began the quest for
                  | the Orb.
     0 | D:1      | Reached XP level 1. HP: 11/11 MP: 2/2
    99 | D:1      | Reached skill level 3 in Long Blades
   102 | D:1      | Reached XP level 2. HP: 15/15 MP: 3/3
   225 | D:1      | Found Zojak's Book Boutique.
   408 | D:1      | Reached XP level 3. HP: 17/18 MP: 2/4
   669 | D:2      | Reached skill level 4 in Long Blades
   695 | D:2      | Identified a scroll of acquirement
   695 | D:2      | Quit the game

Illustrated notes

Levels and vault maps discovered:
D:1:      scummos_arrival_simple_crosswalls, layout_basic, serial_shops, shop,
          skrybe_limestone_x
D:2:      layout_loops_ring, serial_shops, nicolae_shop_waterfront,
          grunt_ministairs_15, kennysheep_path_1, guppyfry_early_lair_pool

Skill      XL: |  1  2  3 |
---------------+----------+-----
Long Blades    | 3 4 |  4.0
Fighting       | |  1.7
Throwing       | |  1.7
Dodging        | |  2.4

Action                     || total
---------------------------++-------
  Melee: Long sword        ||    22
         Bite              ||    20
         Short sword       ||    55
 Armour: Leather armour    ||    19
         Ring mail         ||     2
  Dodge: Dodged            ||    46
